 Dungeon Crawl Stone Soup version 0.31-a0-506-g3d79149578 (webtiles) character file.

Game seed: 914763784573739452

4 GordonOverkill the Sneak (level 1, 0/16 HPs)
             Began as an Octopode Delver on Aug 9, 2023.
             Slain by a centaur (3 damage)
             ... on level 9 of the Dungeon.
             The game lasted 00:01:51 (348 turns).

GordonOverkill the Sneak (Octopode Delver)           Turns: 348, Time: 00:01:51

Health: 0/16       AC:  1    Str: 11    XL:     1   Next: 60%
Magic:  1/1        EV: 13    Int: 12    God:
Gold:   48         SH:  0    Dex: 13    Spells: 0/0 levels left

rFire   . . .        a - +0 short sword
rCold   . . .        (no shield)
rNeg    . . .        (helmet restricted)
rPois   .            (no amulet)
rElec   .            (no ring)
rCorr   .            (no ring)
SInv    .            (no ring)
Will    .....        (no ring)
Stlth   ++++         (no ring)
HPRegen 0.22/turn    (no ring)
MPRegen 0.07/turn    (no ring)
                     (no ring)

%: no passive effects
@: mighty, brilliant
A: almost no armour, amphibious, 8 rings, camouflage 1, gelatinous body 1,
(nimble swimmer 1), tentacles
a: no special abilities


You were on level 9 of the Dungeon.
You visited 1 branch of the dungeon, and saw 5 of its levels.

You collected 48 gold pieces.

Inventory:

Hand Weapons
 a - a +0 short sword (weapon)
Missiles
 d - 5 poisoned darts
Wands
 f - a wand of digging (3)
Scrolls
 b - a scroll of fog
 c - a scroll of revelation
 e - 2 scrolls of teleportation {unknown}
 h - a scroll of identify {unknown}


   Skills:
 - Level 3.0 Fighting
 + Level 2.4 Short Blades
 - Level 2.0 Dodging
 - Level 6.6 Stealth


You couldn't memorise any spells.
You didn't know any spells.
Your spell library was empty.

Dungeon Overview and Level Annotations

Branches:
Dungeon (9/15)
 Temple: D:4-7         Lair: D:8-11         Orc: D:9-12

Altars:

Shops:
D:7 (

Annotations:
D:6 Eustachio
D:7 exclusions: downstairs and 2 upstairs


Innate Abilities, Weirdness & Mutations

You cannot wear most types of armour.
You are amphibious.
You can wear up to eight rings at the same time.
Your skin changes colour to match your surroundings (Stealth+).
Your rubbery body absorbs attacks. (AC +1, EV +1)
((You are camouflaged when in or above water. (Stealth+)))
You have tentacles for arms and can constrict up to eight enemies at once.


Message History

There is a stone staircase leading down here.
You climb downwards.
There is a stone staircase leading up here.
Unknown command.
You open the door.
Found 8 gold pieces.
There is an open door here.
You now have 43 gold pieces (gained 8).
You open the door.
There is an open door here.
You open the door.
There is an open door here.
Found a stone staircase leading down.
There is a stone staircase leading down here.
You climb downwards.
Found 5 gold pieces and a scroll labelled WETORO DODDA.
There is a stone staircase leading up here.
You now have 48 gold pieces (gained 5).
e - 2 scrolls labelled WETORO DODDA (gained 1)
A centaur comes into view.
Found 9 gold pieces.
The centaur shouts!
The centaur wields a +0 shortbow.
The centaur shoots an arrow.
The arrow hits you!
Ouch! That really hurt!
* * * LOW HITPOINT WARNING * * *
You see here 9 gold pieces.
The centaur unwields a +0 shortbow.
The centaur barely misses you. The centaur kicks you.
* * * LOW HITPOINT WARNING * * *
It was a potion of might.
You feel very mighty all of a sudden. The centaur barely misses you.
The centaur kicks you but does no damage.
The centaur barely misses you. The centaur kicks you.
* * * LOW HITPOINT WARNING * * *
It was a potion of brilliance.
You feel clever all of a sudden. The centaur hits you.
You die...

#... #.....## #....
#......##
#....#####........#
#.......##.....##.#
#.........# ...
#.######........
#..# #.#... ##
##$## ...## #.@#
### ##.c# ##...
####


You could see a centaur.

Vanquished Creatures
  2 orcs
2 creatures vanquished.

Notes
Turn   | Place    | Note
-------+----------+-------------------------------------------
     0 | D:5      | GordonOverkill the Octopode Delver began the quest for the
                  | Orb.
     0 | D:5      | Reached XP level 1. HP: 16/16 MP: 1/1
     1 | D:5      | Noticed an orc wizard
     8 | D:6      | Noticed an orc priest
    20 | D:6      | Noticed an orc warrior
    75 | D:6      | Noticed a centaur
   103 | D:8      | Noticed a wight
   103 | D:8      | Noticed a wight
   103 | D:8      | Noticed a wight
   103 | D:8      | Noticed a black bear
   111 | D:6      | Noticed a sleepcap
   112 | D:6      | Noticed Eustachio
   123 | D:6      | Noticed a black bear
   135 | D:7      | Noticed a centaur
   138 | D:7      | Noticed a steam dragon
   233 | D:7      | Found Teorezom's Weapon Boutique.
   236 | D:7      | Noticed an orc wizard
   236 | D:7      | Noticed an orc priest
   237 | D:7      | Noticed a centaur
   343 | D:9      | Noticed a centaur
   348 | D:9      | Slain by a centaur

Illustrated notes

Levels and vault maps discovered:
D:5:      layout_cave_pools, nicolae_dithmenos_the_darkroom, serial_shops, shop,
          uniq_edmund, uniq_blork_the_orc
D:6:      layout_gridville, minmay_fire_ice_demons, uniq_jeremiah,
          uniq_eustachio
D:7:      layout_basic, serial_shops, shop_statue
D:8:      layout_basic, minmay_fractal_squares_diagonal_5, uniq_amaemon
D:9:      layout_rooms, minitemple, minmay_lair_entry_grove,
          kennysheep_orc_monster_closet_entryway, uniq_joseph

Action                     || total
---------------------------++-------
  Melee: Short sword       ||     2
    Use: Potion            ||     3
         Scroll            ||     1
   Stab: Sleeping          ||     2
 Armour: Skin              ||     1
  Dodge: Dodged            ||     3

Table legend: (Time is in decaauts)
 A = Elapsed time spent in this place.
 B = Non-inter-level travel time spent in this place.
 C = Inter-level travel time spent in this place.
 D = Time resting spent in this place.
 E = Time spent auto-exploring this place.
 F = Levels seen in this place.
 G = Mean time per level.
                   A        B        C        D        E       F      G
               +--------+--------+--------+--------+--------+-----+--------+
         Total |    329 |    329 |      0 |      0 |      0 |   5 |   65.8 |
       Dungeon |    329 |    329 |      0 |      0 |      0 |   5 |   65.8 |
               +--------+--------+--------+--------+--------+-----+--------+

Top non-repeatable levels by time:
     D:7: 175 daAuts
     D:8: 72 daAuts
     D:6: 51 daAuts
     D:9: 21 daAuts
     D:5: 8 daAuts
